 Dungeon Crawl Stone Soup version 0.23.0 (webtiles) character file.

Game seed: 16321430488907260042

1437 vishdafish the Ruffian (level 8, -7/79 HPs)
             Began as a Troll Skald on Feb 16, 2019.
             Was a Follower of Cheibriados.
             Mangled by an orc warrior
             ... wielding a +2 glaive of venom
              (14 damage)
             ... on level 7 of the Dungeon.
             The game lasted 00:10:24 (4950 turns).

vishdafish the Ruffian (Troll Skald)                Turns: 4950, Time: 00:10:24

Health: -7/79      AC:  6    Str: 22    XL:     8   Next: 45%
Magic:  12/12      EV: 10    Int: 13    God:    Cheibriados [*.....]
Gold:   200        SH:  0    Dex: 11    Spells: 9/14 levels left

rFire    . . .     SeeInvis .     - Unarmed
rCold    . . .     Gourm    +   (no shield)
rNeg     . . .     Faith    +   a - +0 robe
rPois    +         Spirit   .   (helmet restricted)
rElec    .         Reflect  .   (no cloak)
rCorr    +         Harm     .   (gloves unavailable)
MR       .....                  (boots unavailable)
Stlth    +.........             f - amulet of faith
HPRegen  0.63/turn              h - ring of poison resistance
MPRegen  0.13/turn              p - ring of resist corrosion

@: lethally poisoned (-7 -> -7), lightly drained, very slow
A: large, unfitting armour, claws 3, fast metabolism 3, gourmand, regeneration
1, shaggy fur 1, tough skin 3
a: Bend Time, Renounce Religion


You were on level 7 of the Dungeon.
You worshipped Cheibriados.
Cheibriados was aware of your devotion.
You were not hungry.

You visited 2 branches of the dungeon, and saw 8 of its levels.

You collected 308 gold pieces.
You spent 108 gold pieces at shops.

Inventory:

Missiles
 q - 4 curare-tipped needles
Armour
 a - a +0 robe (worn)
Jewellery
 f - an amulet of faith (around neck)
 h - a ring of poison resistance (left claw)
 p - a ring of resist corrosion (right claw)
 C - an uncursed amulet of harm {unknown}
Wands
 v - a wand of iceblast (5)
Scrolls
 b - 4 scrolls of blinking
 e - a scroll of amnesia {unknown}
 g - 2 scrolls of enchant weapon {unknown}
 i - a scroll of enchant armour {unknown}
 j - 7 scrolls of remove curse
 n - 8 scrolls of identify {unknown}
 t - 3 scrolls of fog
 u - a scroll of fear {unknown}
 y - 2 scrolls of vulnerability {unknown}
 A - a scroll of teleportation
Potions
 d - 4 potions of curing
 k - 2 potions of brilliance {unknown}
 l - a potion of magic {unknown}
 m - 6 potions of agility
 o - 3 potions of degeneration {unknown}
 r - a potion of mutation {unknown}
 s - 2 potions of lignification {unknown}
 w - a potion of might {unknown}
 x - a potion of invisibility {unknown}
 z - a potion of flight {unknown}
 B - a potion of resistance {unknown}
Comestibles
 c - 16 rations


   Skills:
 + Level 4.8(4.6) Fighting
 - Level 2.6(2.3) Dodging
 + Level 5.9(5.7) Unarmed Combat
 + Level 3.7(3.4) Spellcasting
 - Level 3.0(2.7) Charms


You had 9 spell levels left.
You knew the following spells:

 Your Spells              Type           Power        Failure   Level  Hunger
a - Infusion              Chrm           #...         7%          1    #......
b - Song of Slaying       Chrm           #.......     11%         2    ##.....
c - Shroud of Golubria    Chrm/Tloc      #.........   19%         2    ##.....

Your spell library contained the following spells:

 Spells                   Type           Power        Failure   Level  Hunger
 Corona                   Hex            #......      22%         1    #......
 Ensorcelled Hibernation  Hex/Ice        #.....       32%         2    ##.....
 Regeneration             Chrm/Necr      #.........   36%         3    ###....
 Spectral Weapon          Hex/Chrm       #.......     36%         3    ###....
 Confuse                  Hex            #.......     54%         3    ###....
 Dazzling Spray           Conj/Hex       #.....       54%         3    ###....
 Tukima's Dance           Hex            #.......     54%         3    ###....


Dungeon Overview and Level Annotations

Branches:
Dungeon (7/15)             Temple (1/1) D:6

Altars:
Ashenzari
Cheibriados
Dithmenos
Fedhas
Hepliaklqana
Kikubaaqudgha
Makhleb
Okawaru
Qazlal
Ru
Sif Muna
Vehumet
Wu Jian
Yredelemnul

Shops:
D:4 (   D:6 *


Innate Abilities, Weirdness & Mutations

You are too large for most types of armour.
You have claws for hands.
Your metabolism is lightning-fast.
You like to eat raw meat.
Your natural rate of healing is unusually fast.
You are covered in fur. (AC +1)
You have extremely tough skin. (AC +3)


Message History

You are no longer poisoned.
You start resting.
HP restored.
You climb downwards.
There is a stone staircase leading up, spattered with blood here.
The orc warrior hits you with a +2 glaive of venom.
You barely miss the orc warrior.
The orc warrior hits you with a +2 glaive of venom!!
You barely miss the orc warrior.
You scratch the orc warrior but do no damage.
The orc warrior hits you with a +2 glaive of venom!
You are poisoned.
You are too injured to fight recklessly!
You feel sick.
The orc warrior hits you from afar with a +2 glaive of venom!!
* * * LOW HITPOINT WARNING * * *
There is a stone staircase leading up, spattered with blood here.
You feel sick.
The orc warrior hits you from afar with a +2 glaive of venom!
You die...

...........#
.....<.....#
.>.........###
.............#
.............#
..........$..#
#..#.).....[#
#.....@.....#
......#......#
##... #..o...#
.... #......#
#.. ########
.. .


You could see an orc warrior.

Vanquished Creatures
  Sigmund (D:6)
  A phantom (D:6)
  An ogre (D:6)
  3 bullfrogs (D:6)
  3 wights (D:6)
  A howler monkey (D:5)
  2 crimson imps (D:5)
  A bullfrog zombie (D:4)
  4 hounds
  A centaur skeleton (D:7)
  An orc priest (D:5)
  6 worker ants
  An iguana (D:5)
  A hound zombie (D:5)
  2 worker ant zombies
  Robin (D:4)
  4 gnolls (D:3)
  A howler monkey skeleton (D:5)
  7 adders
  An ooze (D:1)
  4 worms
  2 dart slugs
  A leopard gecko (D:4)
  16 orcs
  7 bats
  4 giant cockroaches
  14 goblins
  15 hobgoblins
  4 jackals
  6 frilled lizards
  13 kobolds
  4 rats
133 creatures vanquished.

Vanquished Creatures (others)
  A plant (D:3)
1 creature vanquished.

Grand Total: 134 creatures vanquished

Notes
Turn   | Place    | Note
-------+----------+-------------------------------------------
     0 | D:1      | vishdafish the Troll Skald began the quest for the Orb.
     0 | D:1      | Reached XP level 1. HP: 19/19 MP: 1/1
   248 | D:1      | Reached XP level 2. HP: 28/28 MP: 3/3
   919 | D:2      | Reached XP level 3. HP: 35/35 MP: 4/4
  1483 | D:3      | Found a deep blue altar of Sif Muna.
  1504 | D:3      | Reached XP level 4. HP: 42/42 MP: 5/5
  1636 | D:3      | HP: 2/42 [adder (2)]
  1644 | D:3      | HP: 2/42 [poisoned by a kobold]
  1858 | D:3      | Reached XP level 5. HP: 37/49 MP: 6/6
  1975 | D:3      | Reached skill level 3 in Unarmed Combat
  2255 | D:4      | Found Rawk's Antique Weapon Shoppe.
  2628 | D:4      | Learned a level 2 spell: Song of Slaying
  2631 | D:4      | Learned a level 2 spell: Shroud of Golubria
  2675 | D:4      | Noticed Robin
  2686 | D:4      | Reached XP level 6. HP: 59/59 MP: 1/8
  2702 | D:4      | Killed Robin
  2774 | D:4      | Found a burning altar of Makhleb.
  3073 | D:5      | Entered Level 5 of the Dungeon
  3274 | D:5      | Reached skill level 4 in Unarmed Combat
  3314 | D:5      | Reached XP level 7. HP: 61/67 MP: 9/9
  3460 | D:5      | Found a burning altar of Makhleb.
  3820 | D:6      | Found a staircase to the Ecumenical Temple.
  3858 | Temple   | Entered the Ecumenical Temple
  3992 | Temple   | Became a worshipper of Cheibriados the Contemplative
  4096 | D:6      | Reached skill level 5 in Unarmed Combat
  4127 | D:6      | Found Zasem's General Store.
  4132 | D:6      | Bought a scroll of fog for 24 gold pieces
  4132 | D:6      | Bought a scroll of teleportation for 36 gold pieces
  4132 | D:6      | Bought a potion of agility for 48 gold pieces
  4142 | D:6      | Found a shadowy altar of Dithmenos.
  4249 | D:6      | Noticed Sigmund
  4256 | D:6      | Killed Sigmund
  4256 | D:6      | Reached XP level 8. HP: 73/79 MP: 11/11
  4621 | D:6      | Reached * piety under Cheibriados
  4950 | D:7      | Mangled by an orc warrior

Skill      XL: |  1  2  3  4  5  6  7 |
---------------+----------------------+-----
Dodging        | 2 |  2.6
Fighting       | 2 3 4 |  4.8
Unarmed Combat | 3 4 5 |  5.9
Spellcasting   | 2 3 |  3.7
Charms         | 3 |  3.0

Action                   |  1- 3 |  4- 6 |  7- 9 || total
-------------------------+-------+-------+-------++-------
Melee: Unarmed           |   124 |   219 |   134 ||   477
       Punch             |       |     2 |     3 ||     5
 Cast: Shroud of Golubri |       |     5 |       ||     5
       Song of Slaying   |       |     1 |       ||     1
  Use: Potion            |       |     2 |     1 ||     3
       Scroll            |       |       |     2 ||     2
  Eat: Ration            |     3 |       |     4 ||     7
       Chunk             |       |    17 |     3 ||    20
Armor: Robe              |    54 |    69 |    39 ||   162
Dodge: Dodged            |    94 |   110 |    88 ||   292
